Senators vs Capitals

Created - 22 novembre 2017 at 15:55

Goals
1 2 3 T
Senators 1 0 0 1
Capitals 3 1 2 6
Shots
1 2 3 T
Senators 5 11 3 19
Capitals 14 5 25 44

1st period

1. Senators , Guillaume Desbiens 5 (Jay Beagle 5, Nikita Zaytsev 10) at 2:22
2. Capitals , Kristian Huselius 9 (Nathan Horton 12) at 5:03
3. Capitals , Kenndal McArdle 7 (Travis Zajac 11, Ryan Whitney 14) at 9:57
4. Capitals , Tyler Spurgeon 4 (Michael Stone 14, Mats Zuccarello 3) at 19:42

Penalties :
Dmitry Kulikov (OTT) for Interference (Minor) at 6:19

2nd period

5. Capitals , Michael Stone 4 (Ryan Whitney 15, Nathan Horton 13) at 12:04 (PP)

Penalties :
Bobby Ryan (WSH) for Roughing (Minor) at 1:43, Ryan Whitney (WSH) for Interference (Minor) at 3:49, Nikita Zaytsev (OTT) for High sticking (Minor) at 11:40

3rd period

6. Capitals , Cam Atkinson 6 (Kristian Huselius 15, Christian Ehrhoff 14) at 3:24
7. Capitals , Tyler Spurgeon 5 (Michael Stone 15, Travis Zajac 12) at 11:26

Penalties :
Marc-Andre Fleury (OTT) for Slashing (Minor) at 3:55 - Greg Amadio served the penalty., Bobby Ryan (WSH) for Hooking (Minor) at 9:23

Goalie Stats

Marc-Andre Fleury (OTT), 38 saves from 44 shots - (0,864), L, 3-14-0, 60:00 minutes
Kari Lehtonen (WSH), 18 saves from 19 shots - (0,947), W, 15-7-0, 60:00 minutes

Players Stats for Senators

Player Name              G  A  P  +/- PIM S  H  SB GA TA FO     MP     PP MP  PK MP  
------------------------------------------------------------------------------------
Andrew Cogliano          0  0  0   0  0   1  0  0  0  0  8/22   19:56   2:45   0:00 
Blake Wheeler            0  0  0   0  0   4  0  0  0  0  0/1    19:56   2:45   0:00 
Dennis Seidenberg        0  0  0  -1  0   0  0  1  0  0  0/0    19:44   0:00   2:33 
Dmitry Kulikov           0  0  0  -3  2   0  4  4  0  0  0/0    15:29   0:00   0:00 
Gabriel Landeskog        0  0  0  -1  0   0  3  1  0  0  0/1    20:01   3:12   0:00 
Greg Amadio              0  0  0  -1  0   2  2  2  0  0  0/0    21:29   3:21   0:57 
Guillaume Desbiens       1  0  1  -3  0   1  4  0  0  0  0/0    12:21   0:00   0:00 
Ilja Zubov               0  0  0  -1  0   1  0  0  0  0  5/17   19:34   2:45   0:00 
J.T. Miller              0  0  0  -3  0   0  0  0  0  0  0/0    12:21   0:00   0:00 
Jarkko Immonen           0  0  0   0  0   1  0  1  0  0  1/5     5:11   0:00   1:51 
Jay Beagle               0  1  1  -3  0   1  0  1  0  0  10/22  14:52   0:00   2:31 
Nikita Zaytsev           0  1  1  -3  2   0  3  0  0  0  0/0    20:33   2:36   0:52 
Robert Nilsson           0  0  0   0  0   0  0  0  0  0  0/0     3:59   0:39   0:00 
Ron Hainsey              0  0  0   0  0   2  2  3  0  0  0/0    22:04   2:36   2:28 
Tom Wilson               0  0  0   0  0   1  2  0  0  0  0/1     6:09   0:00   2:49 
Travis Hamonic           0  0  0   0  0   1  2  0  0  0  0/0    20:39   3:21   1:54 
Troy Brouwer             0  0  0   0  0   1  4  0  0  0  0/1    21:17   2:33   1:33 
Valtteri Filppula        0  0  0  -1  0   3  0  0  0  0  2/5    20:01   3:12   0:00 

Players Stats for Capitals

Player Name              G  A  P  +/- PIM S  H  SB GA TA FO     MP     PP MP  PK MP  
------------------------------------------------------------------------------------
Bobby Ryan               0  0  0   0  4   5  2  0  0  0  2/2    17:30   2:23   0:00 
Brandon Saad             0  0  0   2  0   2  0  0  0  0  0/0    12:20   0:00   0:00 
Cam Atkinson             1  0  1   2  0   4  0  0  0  0  1/1    17:20   1:59   0:52 
Christian Ehrhoff        0  1  1   1  0   1  0  0  0  0  0/0    22:31   2:04   3:32 
Hampus Lindholm          0  0  0   1  0   0  2  1  0  0  0/0    16:55   0:00   0:00 
Jonas Brodin             0  0  0   0  0   1  0  3  0  0  0/0    18:34   0:00   3:10 
Kenndal McArdle          1  0  1   0  0   2  1  0  0  0  2/2    17:32   2:23   0:00 
Kristian Huselius        1  1  2   2  0   5  0  0  0  0  0/1    16:28   1:59   0:00 
Marco Scandella          0  0  0   0  0   1  1  4  0  0  0/0    20:15   2:04   2:47 
Marcus Kruger            0  0  0   0  0   0  0  0  0  0  0/0    10:56   0:00   3:13 
Mats Zuccarello          0  1  1   2  0   3  2  0  0  0  0/2    12:20   0:00   0:00 
Michael Raffl            0  0  0   0  0   0  1  0  0  0  0/0     7:43   0:00   0:00 
Michael Stone            1  2  3   3  0   2  0  0  0  0  0/0    20:24   2:18   0:44 
Mikael Backlund          0  0  0   0  0   1  0  0  0  0  9/12   11:29   0:00   3:46 
Nathan Horton            0  2  2   2  0   5  3  0  0  0  13/21  18:34   1:59   2:06 
Ryan Whitney             0  2  2   3  2   4  2  1  0  0  0/0    21:20   2:18   1:41 
Travis Zajac             0  2  2   0  0   4  0  0  0  0  13/22  19:29   2:23   1:57 
Tyler Spurgeon           2  0  2   2  0   4  0  0  0  0  9/12   12:20   0:00   0:00 

3 Stars

1 - Michael Stone (WSH)
2 - Tyler Spurgeon (WSH)
3 - Kristian Huselius (WSH)

Power Play

Senators - 0 on 3 Attempt(s) - 0,00%
Capitals - 1 on 3 Attempt(s) - 33,33%

Penalty Kill

Senators - 2 on 3 Attempt(s) - 66,67% - Score 0 goal in Penalty Kill
Capitals - 3 on 3 Attempt(s) - 100,00% - Score 0 goal in Penalty Kill

Team Stat

Senators - Hits : 26 - Faceoff Wins : 26 - Blocked Shots : 13 - Penalty Minutes : 6
Capitals - Hits : 14 - Faceoff Wins : 49 - Blocked Shots : 9 - Penalty Minutes : 6

Official

Referees : Steve Kozari and Ben Moser
Linesman : Caleb Andrade and Jared Hoffmeyer

Game Notes

No Game Note

Finance

Level 1 -- Attendance: 5731 (95,52%) -- Ticket Income 630 410 $
Level 2 -- Attendance: 4252 (85,04%) -- Ticket Income 340 160 $
Level 3 -- Attendance: 2000 (100,00%) -- Ticket Income 90 000 $
Level 4 -- Attendance: 3212 (80,30%) -- Ticket Income 122 056 $
Luxury Box -- Attendance: 1839 (68,11%) -- Ticket Income 367 800 $
Game was played at the MCI Center.
Total Attendance: 17034 (86,47%)
Total Ticket Income: 1 550 426 $
Other Income: 759 709 $
Total Income: 2 310 135 $

Senators

5 vs 5 Forward 
   Center                   Left Wing                Right Wing               Time % Phy DF OF 
 1 Andrew Cogliano          Troy Brouwer             Blake Wheeler            38     0   1  4  
 2 Ilja Zubov               Valtteri Filppula        Gabriel Landeskog        32     0   1  4  
 3 Jay Beagle               Guillaume Desbiens       J.T. Miller              25     1   2  2  
 4 Jarkko Immonen           Robert Nilsson           Tom Wilson               5      1   3  1  

5 vs 5 Defense 
   Defense                  Defense                                           Time % Phy DF OF 
 1 Greg Amadio              Dennis Seidenberg                                 35     0   2  3  
 2 Travis Hamonic           Ron Hainsey                                       32     0   2  3  
 3 Dmitry Kulikov           Nikita Zaytsev                                    28     1   2  2  
 4 Ron Hainsey              Nikita Zaytsev                                    5      1   2  2  

PowerPlay Forward 
   Center                   Left Wing                Right Wing               Time % Phy DF OF 
 1 Ilja Zubov               Andrew Cogliano          Blake Wheeler            52     0   0  5  
 2 Valtteri Filppula        Gabriel Landeskog        Troy Brouwer             48     0   0  5  

PowerPlay Defense
   Defense                  Defense                                           Time % Phy DF OF 
 1 Travis Hamonic           Greg Amadio                                       55     0   0  5  
 2 Ron Hainsey              Nikita Zaytsev                                    45     0   0  5  

Penalty Kill 4 Players Forward 
   Center                   Wing                     Time % Phy DF OF 
 1 Jay Beagle               Tom Wilson               60     1   3  1  
 2 Jarkko Immonen           Troy Brouwer             40     1   3  1  

Penalty Kill 4 Players Defense
   Defense                  Defense                  Time % Phy DF OF 
 1 Greg Amadio              Ron Hainsey              60     1   4  0  
 2 Dennis Seidenberg        Travis Hamonic           40     1   4  0  

Penalty Kill - 3 Players Forward 
   Forward                                           Time % Phy DF OF 
 1 Jay Beagle                                        50     1   3  1  
 2 Jarkko Immonen                                    50     1   3  1  

Penalty Kill - 3 Players Defense
   Defense                  Defense                  Time % Phy DF OF 
 1 Greg Amadio              Ron Hainsey              55     1   3  1  
 2 Dennis Seidenberg        Travis Hamonic           45     1   3  1  

4 vs 4 Forward 
   Center                   Wing                     Time % Phy DF OF 
 1 J.T. Miller              Blake Wheeler            60     0   1  4  
 2 Ilja Zubov               Andrew Cogliano          40     0   2  3  

4 vs 4 Defense
   Defense                  Defense                  Time % Phy DF OF 
 1 Greg Amadio              Travis Hamonic           55     1   2  2  
 2 Ron Hainsey              Dennis Seidenberg        45     1   2  2  

Last Minutes Offensive
   Center                   Left Wing                Right Wing               Defense                  Defense                  
   Ilja Zubov               Andrew Cogliano          Blake Wheeler            Greg Amadio              Travis Hamonic           

Last Minutes Defensive
   Center                   Left Wing                Right Wing               Defense                  Defense                  
   Jay Beagle               Troy Brouwer             Tom Wilson               Greg Amadio              Dennis Seidenberg        

Goaltenders
Starting : Marc-Andre Fleury        
Backup : Jacob Markstrom          

Extra Forwards
Normal : Andrew Cogliano, Blake Wheeler, Ilja Zubov - PP : Andrew Cogliano, Blake Wheeler - PK : Jay Beagle
Extra Defensemen
Normal : Greg Amadio, Nikita Zaytsev, Dennis Seidenberg - PP : Travis Hamonic - PK : Dennis Seidenberg, Ron Hainsey
Penalty Shots
Greg Amadio, Blake Wheeler, Andrew Cogliano, Troy Brouwer, Ilja Zubov
Custom OT Lines Forwards
Ilja Zubov, Blake Wheeler, Andrew Cogliano, Gabriel Landeskog, Troy Brouwer, J.T. Miller, Valtteri Filppula, Guillaume Desbiens, Jay Beagle, Tom Wilson
Custom OT Lines Defensemen
Nikita Zaytsev, Travis Hamonic, Dennis Seidenberg, Ron Hainsey, Dmitry Kulikov

Scratches
David Krejci (Torn Left Knee Ligaments Injury)

Capitals

5 vs 5 Forward 
   Center                   Left Wing                Right Wing               Time % Phy DF OF 
 1 Nathan Horton            Cam Atkinson             Kristian Huselius        30     1   1  3  
 2 Travis Zajac             Kenndal McArdle          Bobby Ryan               30     0   2  3  
 3 Tyler Spurgeon           Mats Zuccarello          Brandon Saad             24     0   2  3  
 4 Mikael Backlund          Marcus Kruger            Michael Raffl            16     1   3  1  

5 vs 5 Defense 
   Defense                  Defense                                           Time % Phy DF OF 
 1 Ryan Whitney             Michael Stone                                     34     0   3  2  
 2 Christian Ehrhoff        Hampus Lindholm                                   33     0   3  2  
 3 Marco Scandella          Jonas Brodin                                      27     0   4  1  
 4 Marco Scandella          Jonas Brodin                                      6      0   4  1  

PowerPlay Forward 
   Center                   Left Wing                Right Wing               Time % Phy DF OF 
 1 Nathan Horton            Cam Atkinson             Kristian Huselius        50     0   0  5  
 2 Travis Zajac             Kenndal McArdle          Bobby Ryan               50     0   0  5  

PowerPlay Defense
   Defense                  Defense                                           Time % Phy DF OF 
 1 Ryan Whitney             Michael Stone                                     50     0   0  5  
 2 Christian Ehrhoff        Marco Scandella                                   50     0   0  5  

Penalty Kill 4 Players Forward 
   Center                   Wing                     Time % Phy DF OF 
 1 Mikael Backlund          Marcus Kruger            60     0   5  0  
 2 Travis Zajac             Nathan Horton            40     0   5  0  

Penalty Kill 4 Players Defense
   Defense                  Defense                  Time % Phy DF OF 
 1 Ryan Whitney             Marco Scandella          50     0   5  0  
 2 Christian Ehrhoff        Jonas Brodin             50     0   5  0  

Penalty Kill - 3 Players Forward 
   Forward                                           Time % Phy DF OF 
 1 Marcus Kruger                                     60     0   5  0  
 2 Mikael Backlund                                   40     0   5  0  

Penalty Kill - 3 Players Defense
   Defense                  Defense                  Time % Phy DF OF 
 1 Ryan Whitney             Marco Scandella          50     0   5  0  
 2 Christian Ehrhoff        Jonas Brodin             50     0   5  0  

4 vs 4 Forward 
   Center                   Wing                     Time % Phy DF OF 
 1 Nathan Horton            Kristian Huselius        50     1   1  3  
 2 Travis Zajac             Kenndal McArdle          50     0   2  3  

4 vs 4 Defense
   Defense                  Defense                  Time % Phy DF OF 
 1 Ryan Whitney             Michael Stone            50     0   4  1  
 2 Christian Ehrhoff        Hampus Lindholm          50     0   4  1  

Last Minutes Offensive
   Center                   Left Wing                Right Wing               Defense                  Defense                  
   Nathan Horton            Bobby Ryan               Kristian Huselius        Ryan Whitney             Jonas Brodin             

Last Minutes Defensive
   Center                   Left Wing                Right Wing               Defense                  Defense                  
   Travis Zajac             Marcus Kruger            Nathan Horton            Christian Ehrhoff        Hampus Lindholm          

Goaltenders
Starting : Kari Lehtonen            
Backup : Marc Denis               

Extra Forwards
Normal : Brandon Saad, Cam Atkinson, Tyler Spurgeon - PP : Tyler Spurgeon, Brandon Saad - PK : Cam Atkinson
Extra Defensemen
Normal : Hampus Lindholm, Jonas Brodin, Michael Stone - PP : Michael Stone - PK : Marco Scandella, Michael Stone
Penalty Shots
Bobby Ryan, Ryan Whitney, Nathan Horton, Kristian Huselius, Kenndal McArdle
Custom OT Lines Forwards
Nathan Horton, Kristian Huselius, Travis Zajac, Bobby Ryan, Tyler Spurgeon, Cam Atkinson, Mikael Backlund, Kenndal McArdle, Mats Zuccarello, Brandon Saad
Custom OT Lines Defensemen
Christian Ehrhoff, Hampus Lindholm, Ryan Whitney, Jonas Brodin, Marco Scandella

Scratches
None


% Time on Ice - Senators

Lines # - Real PCT - Wanted PCT - Time Play
Normal Forward
1 - 35% - 38% - 17:11
2 - 34% - 32% - 16:49
3 - 25% - 25% - 12:21
4 - 7% - 5% - 3:20
Normal Defense
1 - 35% - 35% - 17:11
2 - 31% - 32% - 15:24
3 - 31% - 28% - 15:30
4 - 3% - 5% - 1:36
PP Forward
1 - 46% - 52% - 2:45
2 - 54% - 48% - 3:12
PP Defense
1 - 56% - 55% - 3:21
2 - 44% - 45% - 2:36
PK Forward
1 - 65% - 60% - 2:49
2 - 35% - 40% - 1:33
PK Defense
1 - 56% - 60% - 2:28
2 - 44% - 40% - 1:54
PK3 Forward
1 - 0% - 50%
2 - 0% - 50%
PK3 Defense
1 - 0% - 55%
2 - 0% - 45%
44 Forward
1 - 0% - 60%
2 - 0% - 40%
44 Defense
1 - 0% - 55%
2 - 0% - 45%
Last Minute Offensive  - 0:00
Last Minute Defensive  - 0:00
Total
Forward - 60:00
Defense - 60:00

% Time on Ice - Capitals

Lines # - Real PCT - Wanted PCT - Time Play
Normal Forward
1 - 29% - 30% - 14:29
2 - 30% - 30% - 15:09
3 - 25% - 24% - 12:20
4 - 16% - 16% - 7:43
Normal Defense
1 - 35% - 34% - 17:22
2 - 34% - 33% - 16:55
3 - 27% - 27% - 13:22
4 - 4% - 6% - 2:02
PP Forward
1 - 45% - 50% - 1:59
2 - 55% - 50% - 2:23
PP Defense
1 - 53% - 50% - 2:18
2 - 47% - 50% - 2:04
PK Forward
1 - 69% - 60% - 4:05
2 - 31% - 40% - 1:52
PK Defense
1 - 47% - 50% - 2:47
2 - 53% - 50% - 3:10
PK3 Forward
1 - 0% - 60%
2 - 0% - 40%
PK3 Defense
1 - 0% - 50%
2 - 0% - 50%
44 Forward
1 - 0% - 50%
2 - 0% - 50%
44 Defense
1 - 0% - 50%
2 - 0% - 50%
Last Minute Offensive  - 0:00
Last Minute Defensive  - 0:00
Total
Forward - 60:00
Defense - 60:00

Play by Play

1st period


0:01 of 1st period - Nathan Horton wins face-off versus Andrew Cogliano in neutral zone.
0:32 of 1st period - Shot by Nathan Horton.
0:32 of 1st period - Deflect By Kristian Huselius.
0:32 of 1st period - Shot Misses the Net.
1:38 of 1st period - Shot by Travis Zajac.
1:38 of 1st period - Shot Misses the Net.
1:55 of 1st period - Christian Ehrhoff is hit by Nikita Zaytsev and loses puck.
2:11 of 1st period - Guillaume Desbiens is hit by Hampus Lindholm and loses puck.
2:18 of 1st period - Shot by Jay Beagle.
2:18 of 1st period - Shot Misses the Net.
2:20 of 1st period - Shot by Jay Beagle.
2:20 of 1st period - Shot Misses the Net.
2:22 of 1st period - Shot by Guillaume Desbiens.
2:22 of 1st period - Goal by Guillaume Desbiens - Senators : 1 - Capitals : 0.
2:23 of 1st period - Andrew Cogliano wins face-off versus Tyler Spurgeon in neutral zone.
2:36 of 1st period - Shot by Mats Zuccarello.
2:36 of 1st period - Stopped by Marc-Andre Fleury with a rebound.
2:38 of 1st period - Shot by Jonas Brodin.
2:38 of 1st period - Stopped by Marc-Andre Fleury without a rebound.
2:39 of 1st period - Mikael Backlund wins face-off versus Jarkko Immonen in Senators zone.
2:54 of 1st period - Shot by Mikael Backlund.
2:54 of 1st period - Stopped by Marc-Andre Fleury without a rebound.
2:55 of 1st period - Tyler Spurgeon wins face-off versus Jay Beagle in Senators zone.
3:06 of 1st period - Shot by Brandon Saad.
3:06 of 1st period - Deflect By Tyler Spurgeon.
3:06 of 1st period - Stopped by Marc-Andre Fleury without a rebound.
3:07 of 1st period - Mikael Backlund wins face-off versus Andrew Cogliano in Senators zone.
3:26 of 1st period - Shot by Blake Wheeler.
3:26 of 1st period - Shot Blocked by Jonas Brodin.
3:55 of 1st period - Icing by Jonas Brodin.
3:56 of 1st period - Ilja Zubov wins face-off versus Mikael Backlund in Capitals zone.
4:04 of 1st period - Jonas Brodin is hit by Greg Amadio and loses puck.
4:53 of 1st period - Shot by Mats Zuccarello.
4:53 of 1st period - Stopped by Marc-Andre Fleury without a rebound.
4:54 of 1st period - Nathan Horton wins face-off versus Jay Beagle in Senators zone.
4:59 of 1st period - Shot by Nathan Horton.
4:59 of 1st period - Shot Misses the Net.
5:03 of 1st period - Shot by Kristian Huselius.
5:03 of 1st period - Goal by Kristian Huselius - Senators : 1 - Capitals : 1.
5:04 of 1st period - Tyler Spurgeon wins face-off versus Blake Wheeler in neutral zone.
5:08 of 1st period - Icing by Troy Brouwer.
5:09 of 1st period - Andrew Cogliano wins face-off versus Nathan Horton in Senators zone.
5:41 of 1st period - Shot by Kristian Huselius.
5:41 of 1st period - Shot Misses the Net.
5:43 of 1st period - Shot by Michael Stone.
5:43 of 1st period - Stopped by Marc-Andre Fleury without a rebound.
5:44 of 1st period - Tyler Spurgeon wins face-off versus Jay Beagle in Senators zone.
6:19 of 1st period - Minor Penalty to Dmitry Kulikov for Interference.
6:20 of 1st period - Jay Beagle wins face-off versus Travis Zajac in Senators zone.
6:42 of 1st period - Shot by Ryan Whitney.
6:42 of 1st period - Shot Misses the Net.
6:58 of 1st period - Shot by Bobby Ryan.
6:58 of 1st period - Stopped by Marc-Andre Fleury without a rebound.
6:59 of 1st period - Cam Atkinson wins face-off versus Jay Beagle in Senators zone.
7:00 of 1st period - Shot by Christian Ehrhoff.
7:00 of 1st period - Shot Blocked by Ron Hainsey.
7:02 of 1st period - Shot by Cam Atkinson.
7:02 of 1st period - Shot Blocked by Greg Amadio.
8:12 of 1st period - Bobby Ryan is hit by Travis Hamonic and loses puck.
8:15 of 1st period - Shot by Travis Zajac.
8:15 of 1st period - Stopped by Marc-Andre Fleury without a rebound.
8:16 of 1st period - Travis Zajac wins face-off versus Jay Beagle in Senators zone.
8:29 of 1st period - Shot by Ilja Zubov.
8:29 of 1st period - Deflect By Valtteri Filppula.
8:29 of 1st period - Stopped by Kari Lehtonen without a rebound.
8:30 of 1st period - Mikael Backlund wins face-off versus Andrew Cogliano in Capitals zone.
9:05 of 1st period - Blake Wheeler is hit by Marco Scandella.
9:07 of 1st period - Shot by Andrew Cogliano.
9:07 of 1st period - Shot Misses the Net.
9:09 of 1st period - Shot by Andrew Cogliano.
9:09 of 1st period - Shot Blocked by Marco Scandella.
9:11 of 1st period - Shot by Troy Brouwer.
9:11 of 1st period - Shot Blocked by Marco Scandella.
9:13 of 1st period - Shot by Troy Brouwer.
9:13 of 1st period - Shot Blocked by Marco Scandella.
9:37 of 1st period - Shot by Gabriel Landeskog.
9:37 of 1st period - Shot Misses the Net.
9:57 of 1st period - Shot by Travis Zajac.
9:57 of 1st period - Deflect By Kenndal McArdle.
9:57 of 1st period - Goal by Kenndal McArdle - Senators : 1 - Capitals : 2.
9:58 of 1st period - Jay Beagle wins face-off versus Nathan Horton in neutral zone.
10:05 of 1st period - Shot by J.T. Miller.
10:05 of 1st period - Shot Blocked by Hampus Lindholm.
10:34 of 1st period - Shot by Cam Atkinson.
10:34 of 1st period - Shot Misses the Net.
11:09 of 1st period - Shot by Kenndal McArdle.
11:09 of 1st period - Deflect By Bobby Ryan.
11:09 of 1st period - Shot Misses the Net.
11:17 of 1st period - Shot by Blake Wheeler.
11:17 of 1st period - Stopped by Kari Lehtonen without a rebound.
11:18 of 1st period - Tyler Spurgeon wins face-off versus Ilja Zubov in Capitals zone.
11:37 of 1st period - Shot by Greg Amadio.
11:37 of 1st period - Shot Misses the Net.
11:59 of 1st period - Shot by Brandon Saad.
11:59 of 1st period - Stopped by Marc-Andre Fleury without a rebound.
12:00 of 1st period - Travis Zajac wins face-off versus Andrew Cogliano in Senators zone.
12:09 of 1st period - Shot by Ryan Whitney.
12:09 of 1st period - Stopped by Marc-Andre Fleury with a rebound.
12:21 of 1st period - Shot by Andrew Cogliano.
12:21 of 1st period - Shot Misses the Net.
12:23 of 1st period - Shot by Travis Hamonic.
12:23 of 1st period - Shot Blocked by Ryan Whitney.
12:25 of 1st period - Shot by Ron Hainsey.
12:25 of 1st period - Deflect By Blake Wheeler.
12:25 of 1st period - Stopped by Kari Lehtonen with a rebound.
12:27 of 1st period - Shot by Blake Wheeler.
12:27 of 1st period - Stopped by Kari Lehtonen with a rebound.
12:29 of 1st period - Shot by Troy Brouwer.
12:29 of 1st period - Shot Misses the Net.
13:00 of 1st period - Icing by Dmitry Kulikov.
13:01 of 1st period - Nathan Horton wins face-off versus Jarkko Immonen in Senators zone.
13:01 of 1st period - Nathan Horton is hit by Dmitry Kulikov.
13:06 of 1st period - Cam Atkinson is hit by Dmitry Kulikov and loses puck.
13:17 of 1st period - Shot by Nathan Horton.
13:17 of 1st period - Stopped by Marc-Andre Fleury without a rebound.
13:18 of 1st period - Tyler Spurgeon wins face-off versus Gabriel Landeskog in Senators zone.
13:45 of 1st period - Dennis Seidenberg is hit by Mats Zuccarello and loses puck.
14:13 of 1st period - Icing by Mats Zuccarello.
14:14 of 1st period - Tyler Spurgeon wins face-off versus Andrew Cogliano in Capitals zone.
14:14 of 1st period - Mats Zuccarello is hit by Troy Brouwer and loses puck.
14:37 of 1st period - Shot by Cam Atkinson.
14:37 of 1st period - Shot Misses the Net.
14:57 of 1st period - Andrew Cogliano is hit by Hampus Lindholm and loses puck.
15:08 of 1st period - Kristian Huselius is hit by Guillaume Desbiens and loses puck.
15:42 of 1st period - Icing by Dmitry Kulikov.
15:43 of 1st period - Mikael Backlund wins face-off versus Jay Beagle in Senators zone.
15:43 of 1st period - Mikael Backlund is hit by Dmitry Kulikov.
16:25 of 1st period - Shot by Ilja Zubov.
16:25 of 1st period - Shot Misses the Net.
18:30 of 1st period - Icing by Dmitry Kulikov.
18:31 of 1st period - Jay Beagle wins face-off versus Nathan Horton in Senators zone.
19:34 of 1st period - Shot by Mats Zuccarello.
19:34 of 1st period - Shot Blocked by Dmitry Kulikov.
19:36 of 1st period - Shot by Ryan Whitney.
19:36 of 1st period - Shot Blocked by Dmitry Kulikov.
19:40 of 1st period - Shot by Mats Zuccarello.
19:40 of 1st period - Shot Blocked by Dmitry Kulikov.
19:42 of 1st period - Shot by Michael Stone.
19:42 of 1st period - Deflect By Tyler Spurgeon.
19:42 of 1st period - Goal by Tyler Spurgeon - Senators : 1 - Capitals : 3.
19:43 of 1st period - Travis Zajac wins face-off versus Ilja Zubov in neutral zone.
19:48 of 1st period - Shot by Bobby Ryan.
19:48 of 1st period - Shot Misses the Net.
19:58 of 1st period - Shot by Gabriel Landeskog.
19:58 of 1st period - Shot Misses the Net.
Goals for this period are 1 for Senators vs 3 for Capitals.
Shots for this period are 5 for Senators vs 14 for Capitals.

2nd period


0:01 of 2nd period - Nathan Horton wins face-off versus Valtteri Filppula in neutral zone.
0:50 of 2nd period - Icing by Nathan Horton.
0:51 of 2nd period - Nathan Horton wins face-off versus Andrew Cogliano in Capitals zone.
1:43 of 2nd period - Minor Penalty to Bobby Ryan for Roughing.
1:44 of 2nd period - Mikael Backlund wins face-off versus Valtteri Filppula in Capitals zone.
1:44 of 2nd period - Mikael Backlund is hit by Troy Brouwer.
2:25 of 2nd period - Icing by Greg Amadio.
2:26 of 2nd period - Mikael Backlund wins face-off versus Ilja Zubov in Senators zone.
2:39 of 2nd period - Shot by Greg Amadio.
2:39 of 2nd period - Shot Blocked by Jonas Brodin.
2:41 of 2nd period - Shot by Greg Amadio.
2:41 of 2nd period - Stopped by Kari Lehtonen with a rebound.
2:43 of 2nd period - Shot by Greg Amadio.
2:43 of 2nd period - Stopped by Kari Lehtonen without a rebound.
2:44 of 2nd period - Travis Zajac wins face-off versus Troy Brouwer in Capitals zone.
2:44 of 2nd period - Ryan Whitney is hit by Gabriel Landeskog and loses puck.
3:03 of 2nd period - Shot by Troy Brouwer.
3:03 of 2nd period - Stopped by Kari Lehtonen with a rebound.
3:05 of 2nd period - Shot by Greg Amadio.
3:05 of 2nd period - Shot Misses the Net.
3:07 of 2nd period - Shot by Valtteri Filppula.
3:07 of 2nd period - Shot Misses the Net.
3:09 of 2nd period - Shot by Greg Amadio.
3:09 of 2nd period - Shot Misses the Net.
3:11 of 2nd period - Shot by Travis Hamonic.
3:11 of 2nd period - Stopped by Kari Lehtonen without a rebound.
3:12 of 2nd period - Mikael Backlund wins face-off versus Ilja Zubov in Capitals zone.
3:25 of 2nd period - Shot by Ilja Zubov.
3:25 of 2nd period - Shot Misses the Net.
3:47 of 2nd period - Shot by Jay Beagle.
3:47 of 2nd period - Shot Misses the Net.
3:49 of 2nd period - Shot by Jay Beagle.
3:49 of 2nd period - Stopped by Kari Lehtonen without a rebound.
3:49 of 2nd period - Minor Penalty to Ryan Whitney for Interference.
3:50 of 2nd period - Travis Zajac wins face-off versus Valtteri Filppula in Capitals zone.
3:50 of 2nd period - Travis Zajac is hit by Gabriel Landeskog.
6:29 of 2nd period - Mats Zuccarello is hit by Nikita Zaytsev.
6:48 of 2nd period - Icing by Jonas Brodin.
6:49 of 2nd period - Andrew Cogliano wins face-off versus Travis Zajac in Capitals zone.
6:59 of 2nd period - Icing by Bobby Ryan.
7:00 of 2nd period - Travis Zajac wins face-off versus Jarkko Immonen in Capitals zone.
8:46 of 2nd period - Shot by Cam Atkinson.
8:46 of 2nd period - Shot Misses the Net.
10:06 of 2nd period - Shot by Michael Raffl.
10:06 of 2nd period - Deflect By Mikael Backlund.
10:06 of 2nd period - Shot Blocked by Greg Amadio.
10:42 of 2nd period - Shot by Jarkko Immonen.
10:42 of 2nd period - Stopped by Kari Lehtonen with a rebound.
10:44 of 2nd period - Shot by Tom Wilson.
10:44 of 2nd period - Shot Misses the Net.
10:46 of 2nd period - Shot by Tom Wilson.
10:46 of 2nd period - Shot Misses the Net.
10:48 of 2nd period - Shot by Tom Wilson.
10:48 of 2nd period - Shot Misses the Net.
10:50 of 2nd period - Shot by Tom Wilson.
10:50 of 2nd period - Stopped by Kari Lehtonen with a rebound.
11:02 of 2nd period - Dmitry Kulikov is hit by Michael Raffl and loses puck.
11:25 of 2nd period - Shot by Ilja Zubov.
11:25 of 2nd period - Stopped by Kari Lehtonen without a rebound.
11:26 of 2nd period - Andrew Cogliano wins face-off versus Travis Zajac in Capitals zone.
11:40 of 2nd period - Minor Penalty to Nikita Zaytsev for High sticking.
11:41 of 2nd period - Jay Beagle wins face-off versus Nathan Horton in Senators zone.
12:02 of 2nd period - Shot by Ryan Whitney.
12:02 of 2nd period - Shot Misses the Net.
12:04 of 2nd period - Shot by Michael Stone.
12:04 of 2nd period - Goal by Michael Stone - Senators : 1 - Capitals : 4.
12:05 of 2nd period - Travis Zajac wins face-off versus Andrew Cogliano in neutral zone.
12:10 of 2nd period - Shot by Travis Zajac.
12:10 of 2nd period - Shot Misses the Net.
12:34 of 2nd period - Shot by Bobby Ryan.
12:34 of 2nd period - Shot Misses the Net.
12:41 of 2nd period - Off-side.
12:42 of 2nd period - Valtteri Filppula wins face-off versus Nathan Horton in neutral zone.
14:27 of 2nd period - Shot by Brandon Saad.
14:27 of 2nd period - Stopped by Marc-Andre Fleury without a rebound.
14:28 of 2nd period - Andrew Cogliano wins face-off versus Travis Zajac in Senators zone.
14:28 of 2nd period - Andrew Cogliano is hit by Bobby Ryan.
15:27 of 2nd period - Icing by Bobby Ryan.
15:28 of 2nd period - Travis Zajac wins face-off versus Ilja Zubov in Capitals zone.
15:28 of 2nd period - Travis Zajac is hit by Gabriel Landeskog.
15:31 of 2nd period - Icing by Kenndal McArdle.
15:32 of 2nd period - Ilja Zubov wins face-off versus Travis Zajac in Capitals zone.
16:04 of 2nd period - Shot by Ilja Zubov.
16:04 of 2nd period - Shot Misses the Net.
16:20 of 2nd period - Shot by Nathan Horton.
16:20 of 2nd period - Stopped by Marc-Andre Fleury without a rebound.
16:21 of 2nd period - Tyler Spurgeon wins face-off versus Jay Beagle in Senators zone.
16:21 of 2nd period - Tyler Spurgeon is hit by Travis Hamonic.
17:24 of 2nd period - Shot by Blake Wheeler.
17:24 of 2nd period - Stopped by Kari Lehtonen without a rebound.
17:25 of 2nd period - Ilja Zubov wins face-off versus Nathan Horton in Capitals zone.
17:34 of 2nd period - Shot by Ilja Zubov.
17:34 of 2nd period - Shot Misses the Net.
17:40 of 2nd period - Shot by Ilja Zubov.
17:40 of 2nd period - Shot Misses the Net.
17:58 of 2nd period - Shot by Valtteri Filppula.
17:58 of 2nd period - Stopped by Kari Lehtonen without a rebound.
17:59 of 2nd period - Bobby Ryan wins face-off versus Andrew Cogliano in Capitals zone.
17:59 of 2nd period - Kenndal McArdle is hit by Troy Brouwer and loses puck.
18:24 of 2nd period - Shot by Travis Zajac.
18:24 of 2nd period - Stopped by Marc-Andre Fleury with a rebound.
18:26 of 2nd period - Shot by Bobby Ryan.
18:26 of 2nd period - Deflect By Travis Zajac.
18:26 of 2nd period - Stopped by Marc-Andre Fleury without a rebound.
18:27 of 2nd period - Jay Beagle wins face-off versus Mikael Backlund in Senators zone.
18:32 of 2nd period - Shot by Ron Hainsey.
18:32 of 2nd period - Stopped by Kari Lehtonen with a rebound.
18:35 of 2nd period - Icing by Michael Stone.
18:36 of 2nd period - Mikael Backlund wins face-off versus Ilja Zubov in Capitals zone.
19:38 of 2nd period - Off-side.
19:39 of 2nd period - Andrew Cogliano wins face-off versus Mats Zuccarello in neutral zone.
Goals for this period are 0 for Senators vs 1 for Capitals.
Shots for this period are 11 for Senators vs 5 for Capitals.

3rd period


0:01 of 3rd period - Nathan Horton wins face-off versus Andrew Cogliano in neutral zone.
0:14 of 3rd period - Shot by Kristian Huselius.
0:14 of 3rd period - Stopped by Marc-Andre Fleury without a rebound.
0:15 of 3rd period - Travis Zajac wins face-off versus Ilja Zubov in Senators zone.
0:46 of 3rd period - Shot by Travis Zajac.
0:46 of 3rd period - Shot Misses the Net.
0:48 of 3rd period - Shot by Kenndal McArdle.
0:48 of 3rd period - Shot Misses the Net.
0:50 of 3rd period - Shot by Ryan Whitney.
0:50 of 3rd period - Stopped by Marc-Andre Fleury without a rebound.
0:51 of 3rd period - Andrew Cogliano wins face-off versus Nathan Horton in Senators zone.
1:25 of 3rd period - Dennis Seidenberg is hit by Nathan Horton and loses puck.
1:30 of 3rd period - Shot by Kristian Huselius.
1:30 of 3rd period - Shot Blocked by Dennis Seidenberg.
1:32 of 3rd period - Shot by Nathan Horton.
1:32 of 3rd period - Stopped by Marc-Andre Fleury with a rebound.
1:48 of 3rd period - Tyler Spurgeon is hit by Troy Brouwer and loses puck.
2:01 of 3rd period - Travis Hamonic is hit by Mats Zuccarello and loses puck.
2:07 of 3rd period - Off-side.
2:08 of 3rd period - Jay Beagle wins face-off versus Travis Zajac in neutral zone.
2:17 of 3rd period - Shot by J.T. Miller.
2:17 of 3rd period - Shot Hit the Post.
2:29 of 3rd period - Shot by Bobby Ryan.
2:29 of 3rd period - Stopped by Marc-Andre Fleury without a rebound.
2:30 of 3rd period - Ilja Zubov wins face-off versus Tyler Spurgeon in Senators zone.
2:59 of 3rd period - Shot by Valtteri Filppula.
2:59 of 3rd period - Shot Blocked by Jonas Brodin.
3:05 of 3rd period - Shot by Ilja Zubov.
3:05 of 3rd period - Deflect By Valtteri Filppula.
3:05 of 3rd period - Stopped by Kari Lehtonen with a rebound.
3:07 of 3rd period - Shot by Ron Hainsey.
3:07 of 3rd period - Stopped by Kari Lehtonen without a rebound.
3:08 of 3rd period - Nathan Horton wins face-off versus Jay Beagle in Capitals zone.
3:08 of 3rd period - Nathan Horton is hit by Guillaume Desbiens.
3:24 of 3rd period - Shot by Cam Atkinson.
3:24 of 3rd period - Goal by Cam Atkinson - Senators : 1 - Capitals : 5.
3:25 of 3rd period - Bobby Ryan wins face-off versus Andrew Cogliano in neutral zone.
3:43 of 3rd period - Icing by Greg Amadio.
3:44 of 3rd period - Nathan Horton wins face-off versus Andrew Cogliano in Senators zone.
3:55 of 3rd period - Shot by Cam Atkinson.
3:55 of 3rd period - Stopped by Marc-Andre Fleury without a rebound.
3:55 of 3rd period - Minor Penalty to Marc-Andre Fleury for Slashing.
3:56 of 3rd period - Kenndal McArdle wins face-off versus Jay Beagle in Senators zone.
3:57 of 3rd period - Shot by Ryan Whitney.
3:57 of 3rd period - Stopped by Marc-Andre Fleury without a rebound.
3:58 of 3rd period - Travis Zajac wins face-off versus Tom Wilson in Senators zone.
3:58 of 3rd period - Marco Scandella is hit by Ron Hainsey and loses puck.
4:13 of 3rd period - Tom Wilson is hit by Bobby Ryan and loses puck.
4:20 of 3rd period - Shot by Kenndal McArdle.
4:20 of 3rd period - Shot Misses the Net.
4:22 of 3rd period - Shot by Christian Ehrhoff.
4:22 of 3rd period - Stopped by Marc-Andre Fleury with a rebound.
4:24 of 3rd period - Shot by Bobby Ryan.
4:24 of 3rd period - Shot Misses the Net.
4:26 of 3rd period - Shot by Kenndal McArdle.
4:26 of 3rd period - Shot Blocked by Ron Hainsey.
4:28 of 3rd period - Shot by Kenndal McArdle.
4:28 of 3rd period - Stopped by Marc-Andre Fleury with a rebound.
5:02 of 3rd period - Shot by Michael Stone.
5:02 of 3rd period - Shot Blocked by Jarkko Immonen.
5:04 of 3rd period - Shot by Kristian Huselius.
5:04 of 3rd period - Stopped by Marc-Andre Fleury with a rebound.
5:06 of 3rd period - Shot by Nathan Horton.
5:06 of 3rd period - Shot Blocked by Ron Hainsey.
5:08 of 3rd period - Shot by Nathan Horton.
5:08 of 3rd period - Shot Misses the Net.
5:22 of 3rd period - Shot by Cam Atkinson.
5:22 of 3rd period - Deflect By Kristian Huselius.
5:22 of 3rd period - Shot Misses the Net.
5:24 of 3rd period - Shot by Ryan Whitney.
5:24 of 3rd period - Stopped by Marc-Andre Fleury with a rebound.
5:26 of 3rd period - Shot by Cam Atkinson.
5:26 of 3rd period - Stopped by Marc-Andre Fleury without a rebound.
5:27 of 3rd period - Jay Beagle wins face-off versus Travis Zajac in Senators zone.
5:42 of 3rd period - Shot by Christian Ehrhoff.
5:42 of 3rd period - Shot Misses the Net.
5:44 of 3rd period - Shot by Marco Scandella.
5:44 of 3rd period - Stopped by Marc-Andre Fleury with a rebound.
5:46 of 3rd period - Shot by Christian Ehrhoff.
5:46 of 3rd period - Shot Misses the Net.
5:48 of 3rd period - Shot by Christian Ehrhoff.
5:48 of 3rd period - Shot Blocked by Jay Beagle.
5:50 of 3rd period - Shot by Bobby Ryan.
5:50 of 3rd period - Stopped by Marc-Andre Fleury without a rebound.
5:51 of 3rd period - Nathan Horton wins face-off versus Jay Beagle in Senators zone.
5:55 of 3rd period - Cam Atkinson is hit by Dmitry Kulikov and loses puck.
5:59 of 3rd period - Mats Zuccarello is hit by Nikita Zaytsev and loses puck.
7:02 of 3rd period - Shot by Cam Atkinson.
7:02 of 3rd period - Shot Misses the Net.
7:04 of 3rd period - Shot by Nathan Horton.
7:04 of 3rd period - Shot Blocked by Gabriel Landeskog.
7:06 of 3rd period - Shot by Kristian Huselius.
7:06 of 3rd period - Deflect By Nathan Horton.
7:06 of 3rd period - Stopped by Marc-Andre Fleury without a rebound.
7:07 of 3rd period - Kenndal McArdle wins face-off versus Andrew Cogliano in Senators zone.
7:08 of 3rd period - Shot by Bobby Ryan.
7:08 of 3rd period - Shot Misses the Net.
7:36 of 3rd period - Shot by Travis Zajac.
7:36 of 3rd period - Stopped by Marc-Andre Fleury without a rebound.
7:37 of 3rd period - Jay Beagle wins face-off versus Kristian Huselius in Senators zone.
7:41 of 3rd period - Ron Hainsey is hit by Nathan Horton and loses puck.
7:50 of 3rd period - Shot by Nathan Horton.
7:50 of 3rd period - Deflect By Cam Atkinson.
7:50 of 3rd period - Shot Misses the Net.
7:52 of 3rd period - Shot by Kristian Huselius.
7:52 of 3rd period - Shot Misses the Net.
8:00 of 3rd period - Shot by Cam Atkinson.
8:00 of 3rd period - Stopped by Marc-Andre Fleury with a rebound.
8:04 of 3rd period - Shot by Kristian Huselius.
8:04 of 3rd period - Stopped by Marc-Andre Fleury without a rebound.
8:05 of 3rd period - Andrew Cogliano wins face-off versus Travis Zajac in Senators zone.
8:05 of 3rd period - Andrew Cogliano is hit by Kenndal McArdle.
9:09 of 3rd period - Icing by Kenndal McArdle.
9:10 of 3rd period - Travis Zajac wins face-off versus Ilja Zubov in Capitals zone.
9:12 of 3rd period - Icing by Bobby Ryan.
9:13 of 3rd period - Travis Zajac wins face-off versus Jay Beagle in Capitals zone.
9:13 of 3rd period - Travis Zajac is hit by Guillaume Desbiens.
9:16 of 3rd period - Ryan Whitney is hit by Guillaume Desbiens and loses puck.
9:23 of 3rd period - Minor Penalty to Bobby Ryan for Hooking.
9:24 of 3rd period - Valtteri Filppula wins face-off versus Mikael Backlund in Capitals zone.
9:58 of 3rd period - Nikita Zaytsev is hit by Ryan Whitney and loses puck.
10:23 of 3rd period - Shot by Travis Hamonic.
10:23 of 3rd period - Shot Misses the Net.
10:35 of 3rd period - Shot by Blake Wheeler.
10:35 of 3rd period - Shot Blocked by Marco Scandella.
10:53 of 3rd period - Icing by Greg Amadio.
10:54 of 3rd period - Mikael Backlund wins face-off versus Ilja Zubov in Senators zone.
10:54 of 3rd period - Mikael Backlund is hit by Greg Amadio.
11:26 of 3rd period - Shot by Tyler Spurgeon.
11:26 of 3rd period - Goal by Tyler Spurgeon - Senators : 1 - Capitals : 6.
11:27 of 3rd period - Jay Beagle wins face-off versus Tyler Spurgeon in neutral zone.
11:37 of 3rd period - Icing by Marco Scandella.
11:38 of 3rd period - Tyler Spurgeon wins face-off versus Jarkko Immonen in Capitals zone.
11:38 of 3rd period - Mats Zuccarello is hit by Tom Wilson.
12:02 of 3rd period - Jonas Brodin is hit by Tom Wilson and loses puck.
12:09 of 3rd period - Shot by Tyler Spurgeon.
12:09 of 3rd period - Stopped by Marc-Andre Fleury without a rebound.
12:10 of 3rd period - Nathan Horton wins face-off versus Ilja Zubov in Senators zone.
12:17 of 3rd period - Shot by Nathan Horton.
12:17 of 3rd period - Shot Misses the Net.
12:27 of 3rd period - Shot by Nathan Horton.
12:27 of 3rd period - Shot Misses the Net.
12:30 of 3rd period - Cam Atkinson is hit by Ron Hainsey and loses puck.
12:43 of 3rd period - Shot by Kristian Huselius.
12:43 of 3rd period - Shot Misses the Net.
12:45 of 3rd period - Shot by Kristian Huselius.
12:45 of 3rd period - Shot Misses the Net.
12:51 of 3rd period - Shot by Kristian Huselius.
12:51 of 3rd period - Shot Misses the Net.
13:08 of 3rd period - Travis Hamonic is hit by Ryan Whitney and loses puck.
13:19 of 3rd period - Shot by Bobby Ryan.
13:19 of 3rd period - Stopped by Marc-Andre Fleury without a rebound.
13:20 of 3rd period - Tyler Spurgeon wins face-off versus Andrew Cogliano in Senators zone.
13:31 of 3rd period - Shot by Mats Zuccarello.
13:31 of 3rd period - Stopped by Marc-Andre Fleury without a rebound.
13:32 of 3rd period - Travis Zajac wins face-off versus Jay Beagle in Senators zone.
14:03 of 3rd period - Shot by J.T. Miller.
14:03 of 3rd period - Shot Misses the Net.
14:15 of 3rd period - Shot by Bobby Ryan.
14:15 of 3rd period - Stopped by Marc-Andre Fleury without a rebound.
14:16 of 3rd period - Nathan Horton wins face-off versus Andrew Cogliano in Senators zone.
14:29 of 3rd period - Shot by Blake Wheeler.
14:29 of 3rd period - Shot Misses the Net.
15:13 of 3rd period - Icing by Christian Ehrhoff.
15:14 of 3rd period - Nathan Horton wins face-off versus Ilja Zubov in Capitals zone.
16:42 of 3rd period - Shot by Bobby Ryan.
16:42 of 3rd period - Shot Blocked by Dmitry Kulikov.
18:05 of 3rd period - Off-side.
18:06 of 3rd period - Jarkko Immonen wins face-off versus Nathan Horton in neutral zone.
18:27 of 3rd period - Tom Wilson is hit by Nathan Horton.
18:45 of 3rd period - Shot by Kristian Huselius.
18:45 of 3rd period - Deflect By Nathan Horton.
18:45 of 3rd period - Stopped by Marc-Andre Fleury without a rebound.
18:46 of 3rd period - Jay Beagle wins face-off versus Mats Zuccarello in Senators zone.
18:57 of 3rd period - Shot by Tyler Spurgeon.
18:57 of 3rd period - Shot Misses the Net.
19:41 of 3rd period - Shot by Troy Brouwer.
19:41 of 3rd period - Shot Misses the Net.
19:43 of 3rd period - Shot by Andrew Cogliano.
19:43 of 3rd period - Shot Misses the Net.
19:45 of 3rd period - Shot by Andrew Cogliano.
19:45 of 3rd period - Deflect By Blake Wheeler.
19:45 of 3rd period - Shot Hit the Post.
19:47 of 3rd period - Shot by Andrew Cogliano.
19:47 of 3rd period - Stopped by Kari Lehtonen without a rebound.
19:48 of 3rd period - Nathan Horton wins face-off versus Ilja Zubov in Capitals zone.
19:55 of 3rd period - Shot by Kristian Huselius.
19:55 of 3rd period - Stopped by Marc-Andre Fleury with a rebound.
19:58 of 3rd period - Icing by Ron Hainsey.
19:59 of 3rd period - Ilja Zubov wins face-off versus Travis Zajac in Senators zone.
Goals for this period are 0 for Senators vs 2 for Capitals.
Shots for this period are 3 for Senators vs 25 for Capitals.